 Dungeon Crawl Stone Soup version 0.28.0-43-g3370ac3207 (webtiles) character file.

Game seed: 17938539383543725432

149 tizbic2 the Covered (level 5, -2/41 HPs)
             Began as a Formicid Fighter on Mar 8, 2022.
             Slain by a black bear (11 damage)
             ... on level 3 of the Dungeon.
             The game lasted 00:13:29 (2724 turns).

tizbic2 the Covered (Formicid Fighter)              Turns: 2724, Time: 00:13:30

Health: -2/41      AC:  9    Str: 20    XL:     5   Next: 56%
Magic:  6/6        EV:  9    Int: 10    God:
Gold:   83         SH:  4    Dex: 10    Spells: 5/6 levels left

rFire   . . .      SeeInvis +   f - +0 spear
rCold   . . .      Faith    .   c - +0 buckler
rNeg    . . .      Spirit   .   b - +0 scale mail
rPois   .          Reflect  .   (helmet unavailable)
rElec   .          Harm     .   (no cloak)
rCorr   .          Rampage  .   h - +0 pair of gloves
Will    .....                   o - +0 pair of boots
Stlth   ..........              (no amulet)
HPRegen 0.13/turn               (no ring)
MPRegen 0.10/turn               (no ring)

@: no status effects
A: permanent stasis, dig shafts and tunnels, antennae 3, four strong arms
a: Dig, Shaft Self


You were on level 3 of the Dungeon.
You visited 1 branch of the dungeon, and saw 3 of its levels.

You collected 83 gold pieces.

Inventory:

Hand Weapons
 a - a +0 trident
 f - a +0 spear (weapon)
Missiles
 g - 7 atropa-tipped darts
 k - a poisoned dart
 n - 110 stones (quivered)
Armour
 b - a +0 scale mail (worn)
 c - a +0 buckler (worn)
 h - a +0 pair of gloves (worn)
 m - a +0 ring mail
 o - a +0 pair of boots (worn)
Scrolls
 e - a scroll of noise {unknown}
Potions
 d - 2 potions of might
 i - a potion of heal wounds {unknown}
 j - a potion of berserk rage {unknown}
 l - a potion of invisibility {unknown}
 p - a potion of curing {unknown}


   Skills:
 - Level 3.2 Fighting
 - Level 2.0 Polearms
 * Level 5.2 Armour
 + Level 4.6 Shields
 + Level 1.2 Spellcasting
 + Level 1.2 Necromancy


You had 5 spell levels left.
You knew the following spells:

 Your Spells              Type           Power      Damage    Failure   Level
a - Beastly Appendage     Tmut           0%         N/A       73%         1

Your spell library contained the following spells:

 Spells                   Type           Power      Damage    Failure   Level
 Wereblood                Tmut           0%         N/A       86%         2
 Spider Form              Tmut/Pois      0%         N/A       97%         3


Dungeon Overview and Level Annotations

Branches:
Dungeon (3/15)

Altars:
Xom

Shops:
D:1 *   D:2 (


Innate Abilities, Weirdness & Mutations

You cannot be hasted, slowed, berserked, paralysed or teleported.
You can dig through walls and to a lower floor.
You have a pair of large antennae on your head. (SInv)
Your four strong arms can wield two-handed weapons with a shield.


Message History

The black bear bites you. The black bear closely misses you.
The black bear claws you but does no damage.
You hit the black bear but do no damage.
The black bear is heavily wounded.
The black bear closely misses you. The black bear barely misses you.
The black bear claws you but does no damage.
You hit the black bear.
The black bear is heavily wounded.
The black bear bites you.
The black bear claws you but does no damage. x2
You hit the black bear.
The black bear is heavily wounded.
The black bear bites you. The black bear claws you.
The black bear barely misses you.
You barely miss the black bear.
The black bear is heavily wounded.
The black bear barely misses you.
The black bear claws you but does no damage. x2
You barely miss the black bear.
The black bear is heavily wounded.
The black bear barely misses you. The black bear claws you.
The black bear claws you but does no damage.
You hit the black bear.
The black bear is severely wounded.
You block the black bear's attack. The black bear closely misses you.
The black bear claws you but does no damage.
You hit the black bear but do no damage.
The black bear is severely wounded.
The black bear bites you.
The black bear claws you but does no damage. x2
You hit the black bear.
The black bear is almost dead.
The black bear goes berserk!
The black bear bites you!
* * * LOW HITPOINT WARNING * * *
The black bear claws you but does no damage.
The black bear barely misses you.
Are you sure you want to shaft yourself?
The black bear bites you!
You die...

..........#
#..########.#
...###.##.# ##.#
#.# # ..........#
#.# ###.###.#
..........# #.#
#.....#.###
######.##.#
#.######.....#...#
#.##.#
#.#...........#
##.##.#
#.#.###.......#
##...#.# #.#.#
#.(..h..#
####.#.#..# #@#.#
#(#####.#
#.........#
#h#.###.# .#
#.##.#.#..#
#.......# .#
........#.#
###.###.# h#
#.###.....# #.#
#.# .# #.# #.#####
#.# #.# .# #.# #.#
#.# #.#####.# #.#
#.# #.###........
#.# #.#
#...........#


You could see a black bear (berserk).

Vanquished Creatures
  2 orc wizards (D:3)
  A howler monkey zombie (D:3)
  3 adders
  A worm (D:2)
  3 dart slugs (D:2)
  3 orcs
  4 bats
  4 endoplasms
  7 goblins
  5 hobgoblins
  3 quokkas
  4 ball pythons
  4 frilled lizards
  5 kobolds
  2 rats
51 creatures vanquished.

Notes
Turn   | Place    | Note
-------+----------+-------------------------------------------
     0 | D:1      | tizbic2 the Formicid Fighter began the quest for the Orb.
     0 | D:1      | Reached XP level 1. HP: 18/18 MP: 1/1
    25 | D:1      | Found Idefid's Assorted Antiques.
   248 | D:1      | Reached XP level 2. HP: 24/24 MP: 2/2
   609 | D:1      | Reached skill level 4 in Armour
   901 | D:2      | Found a shimmering altar of Xom.
  1084 | D:2      | Reached XP level 3. HP: 29/29 MP: 3/3
  1321 | D:2      | Found Afobrum's Weapon Shop.
  1357 | D:2      | Learned a level 1 spell: Beastly Appendage
  1486 | D:2      | Reached XP level 4. HP: 35/35 MP: 4/4
  1931 | D:3      | Found a faded altar of an unknown god.
  2010 | D:3      | Reached skill level 5 in Armour
  2010 | D:3      | Reached skill level 1 in Spellcasting
  2010 | D:3      | Reached skill level 1 in Necromancy
  2010 | D:3      | Reached XP level 5. HP: 36/41 MP: 6/6
  2696 | D:3      | Noticed a black bear
  2724 | D:3      | Slain by a black bear

Illustrated notes

Levels and vault maps discovered:
D:1:      dpeg_arrival_arbitrary_c, layout_loops_corners, serial_shops,
          nicolae_shop_statue_plus
D:2:      layout_basic, serial_shops, nicolae_shop_crystal, basic_altar
D:3:      layout_loops_ring, shapermc_ecumenical_altar_mp_highgroup

Skill      XL: |  1  2  3  4 |
---------------+-------------+-----
Armour         | 4 5 |  5.2
Shields        | 4 |  4.6
Spellcasting   | 1 |  1.2
Necromancy     | 1 |  1.2
Fighting       | |  3.2
Polearms       | |  2.0

Action                   |  1- 3 |  4- 6 || total
-------------------------+-------+-------++-------
Melee: Spear             |   100 |    82 ||   182
       Trident           |     2 |    43 ||    45
Throw: Dart              |     8 |     2 ||    10
       Stone             |     8 |    12 ||    20
 Abil: Shaft Self        |       |     1 ||     1
  Use: Scroll            |     2 |       ||     2
Armor: Scale mail        |    23 |    53 ||    76
Dodge: Dodged            |    27 |    61 ||    88
Block: Buckler           |    16 |    25 ||    41
